 Dungeon Crawl Stone Soup version 0.31-a0-117-g42d8f58691 (webtiles) character file.

Game seed: 6311561840570981915

37 SkeletonJelly the Poker (level 3, 0/27 HPs)
             Began as a Demonspawn Reaver on May 31, 2023.
             Slain by an orc
             ... wielding a +1 heavy trident
              (11 damage)
             ... on level 3 of the Dungeon.
             The game lasted 00:04:22 (1255 turns).

SkeletonJelly the Poker (Demonspawn Reaver)         Turns: 1255, Time: 00:04:23

Health: 0/27       AC:  6    Str: 16    XL:     3   Next: 23%
Magic:  6/6        EV: 11    Int: 16    God:
Gold:   57         SH:  0    Dex: 14    Spells: 3/6 levels left

rFire   x . .        p - +5 whip of the Whelk {spect, Str+4 Dex+3}
rCold   + . .        (no shield)
rNeg    . . .        b - +0 leather armour
rPois   .            (helmet restricted)
rElec   .            j - +0 cloak
rCorr   .            i - +1 pair of gloves
SInv    .            (no boots)
Will    .....        (no amulet)
Stlth   +            o - ring of ice
HPRegen 0.24/turn    (no ring)
MPRegen 0.10/turn

%: no passive effects
@: no status effects
A: horns 1, demonic magic 1
a: no special abilities


You were on level 3 of the Dungeon.
You visited 1 branch of the dungeon, and saw 3 of its levels.

You collected 57 gold pieces.

Inventory:

Hand Weapons
 a - a +0 spear
 p - the +5 whip of the Whelk (weapon) {spect, Str+4 Dex+3}
   (You found it on level 3 of the Dungeon)

   Str:       It affects your strength (+4).
   Dex:       It affects your dexterity (+3).
Missiles
 n - 4 poisoned darts
Armour
 b - a +0 leather armour (worn)
 i - a +1 pair of gloves (worn)
 j - a +0 cloak (worn)
Jewellery
 o - a ring of ice (left hand)
Scrolls
 c - a scroll of noise {unknown}
 d - 4 scrolls of identify {unknown}
 e - 4 scrolls of teleportation {unknown}
 f - a scroll of vulnerability {unknown}
 g - a scroll of enchant weapon {unknown}
 k - a scroll of poison {unknown}
 l - a scroll of enchant armour {unknown}
Potions
 h - a potion of curing {unknown}
 m - a potion of magic {unknown}


   Skills:
 - Level 2.0 Fighting
 + Level 0.0 Maces & Flails
 - Level 3.4 Polearms
 - Level 1.7 Dodging
 - Level 2.0 Spellcasting
 - Level 3.0 Conjurations
 - Level 2.1 Necromancy


You had 3 spell levels left.
You knew the following spells:

 Your Spells              Type           Power      Damage    Failure   Level
a - Kiss of Death         Conj/Necr      36%        2d8       9%          1
s - Momentum Strike       Conj/Tloc      12%        3d8       21%         2

Your spell library contained the following spells:

 Spells                   Type           Power      Damage    Failure   Level
 Hailstorm                Conj/Ice       9%         3d4       38%         3
 Volatile Blastmotes      Fire/Tloc      2%         2d10      58%         3
 Fulminant Prism          Conj/Hex       3%         3d5       80%         4
 Iskenderun's Mystic Bla  Conj/Tloc      6%         2d4       80%         4
 Lee's Rapid Deconstruct  Erth           0%         3d4*      100%        5


Dungeon Overview and Level Annotations

Branches:
Dungeon (3/15)

Altars:


Innate Abilities, Weirdness & Mutations

You have a pair of small horns on your head.
Spells you cast may paralyse adjacent enemies.


Message History

A bat comes into view.
Health restored: 27 You reach to attack!
You hit the bat.
You kill the bat!
No target in view!
No target in view!
No target in view!
No target in view!
No target in view!
o - a ring of ice
e - 4 scrolls labelled ZUONUFOAWO (gained 1)
There is an escape hatch in the floor here.
Found a spear.
A kobold comes into view. It is wielding a +0 dagger.
You feel more attuned to ice.
o - a ring of ice (left hand) Search for what [Enter for "."]? .
Unknown command.
Unknown command.
Unknown command.
Unknown command.
Unknown command.
Unknown command.
Unknown command.
Unknown command.
Unknown command.
The kobold throws a stone.
The stone misses you.
Unknown command.
Unknown command.
You miss the kobold. The kobold misses you.
You hit the kobold but do no damage. The kobold hits you but does no damage.
You hit the kobold. Your headbutt misses the kobold.
The kobold is heavily wounded.
You hit the kobold.
You kill the kobold!
No target in view!
No target in view!
No target in view!
No target in view!
No target in view!
Things that are here:
a +0 dagger; 3 stones A dart slug comes into view.
Found an iridescent whip.
The dart slug launches a dart at you. The slug dart hits you.
You take 4 damage, and have 23/27 hp.
A dart slug is nearby!
Found a club.
You reach to attack!
You hit the dart slug.
The dart slug is heavily wounded.
You hit the dart slug.
The dart slug is severely wounded.
The dart slug bites you but does no damage.
You hit the dart slug.
You kill the dart slug!
No target in view!
No target in view!
No target in view!
No target in view!
No target in view!
You see here a dart slug corpse.
You see here the +5 whip of the Whelk {spect, Str+4 Dex+3}.
p - the +5 whip of the Whelk {spect, Str+4 Dex+3} Unknown command.
Unknown command.
You feel stronger.
You feel agile.
You feel a bond with the +5 whip of the Whelk {spect, Str+4 Dex+3}.
p - the +5 whip of the Whelk (weapon)
{spect, Str+4 Dex+3} HP restored.
An orc comes into view. It is wielding a +0 falchion.
Health restored: 27 An orc is nearby!
An orc is nearby!
An orc is nearby!
An orc is nearby!
A rat and an orc come into view.
An orc comes into view. It is wielding a +1 heavy trident.
A rat, an orc wizard and an orc come into view.
The orc wizard shouts!
The orc shouts!
Found 14 gold pieces.
The orc completely misses you. The orc closely misses you.
You barely miss the orc.
The orc shouts!
You headbutt the orc.
The orc is heavily wounded.
The orc barely misses you. The rat bites you.
You take 2 damage, and have 25/27 hp.
You hit the orc. Your headbutt misses the orc.
The orc is severely wounded.
The orc hits you with a +1 heavy trident!
Ouch! That really hurt!
The rat barely misses you. The orc hits you with a +0 club.
You take 14 damage, and have 11/27 hp.
MASSIVE DAMAGE!!
You are too injured to fight recklessly!
You are too injured to fight recklessly!
You are too injured to fight recklessly!
The orc attacks as you move away!
The orc hits you with a +1 heavy trident!
You die...

#...).....##....
#...............
#..........##..
#..........#
#...†....#.#
#.......##.#
##.....#.##.#
###......#.##.#
##........#.##@#
###.)#.#.####..roo.....$
.........# #.r.o.......
...##...........o.......
#.###.#..####...o......#
#.###.##.# #........##.
......# ..# #........#
...#.## #.# #...######
.#...# .


You could see an orc wizard, 4 orcs and 2 rats.

Vanquished Creatures
  An adder (D:2)
  3 dart slugs
  4 endoplasms
  A goblin (D:1)
  3 hobgoblins (D:1)
  A kobold (D:3)
  A ball python (D:1)
  4 bats
  A frilled lizard (D:1)
  4 rats
23 creatures vanquished.

Notes
Turn   | Place    | Note
-------+----------+-------------------------------------------
     0 | D:1      | SkeletonJelly the Demonspawn Reaver began the quest for the
                  | Orb.
     0 | D:1      | Reached XP level 1. HP: 16/16 MP: 3/3
   158 | D:1      | Reached skill level 1 in Necromancy
   313 | D:1      | Gained mutation: You have a pair of small horns on your
                  | head. [demonic ancestry]
   313 | D:1      | Reached XP level 2. HP: 17/22 MP: 5/5
   922 | D:2      | Gained mutation: Spells you cast may paralyse adjacent
                  | enemies. [demonic ancestry]
   922 | D:2      | Reached XP level 3. HP: 27/27 MP: 6/6
   989 | D:2      | Learned a level 2 spell: Momentum Strike
  1240 | D:3      | Identified the +5 whip of the Whelk {spect, Str+4 Dex+3}
  1255 | D:3      | Slain by an orc

Illustrated notes

Levels and vault maps discovered:
D:1:      lightli_arrival_statue_moat, layout_basic, hangedman_decor_opposing,
          minmay_tripent
D:2:      layout_basic, minmay_fountain_box, uniq_terence, uniq_sigmund
D:3:      layout_rooms, mainiacjoe_overflow_alcove_1,
          nicolae_overflow_hidden_temple, serial_park_tiny_pond

Skill      XL: |  1  2 |
---------------+-------+-----
Necromancy     | 1 2 |  2.1
Polearms       | 3 |  3.4
Fighting       | |  2.0
Dodging        | |  1.7
Spellcasting   | |  2.0
Conjurations   | |  3.0

Action                     || total
---------------------------++-------
  Melee: Spear             ||    99
         Punch             ||     2
         Headbutt          ||     5
         Whip              ||     2
 Armour: Leather armour    ||    21
  Dodge: Dodged            ||    42

Table legend: (Time is in decaauts)
 A = Elapsed time spent in this place.
 B = Non-inter-level travel time spent in this place.
 C = Inter-level travel time spent in this place.
 D = Time resting spent in this place.
 E = Time spent auto-exploring this place.
 F = Levels seen in this place.
 G = Mean time per level.
                   A        B        C        D        E       F      G
               +--------+--------+--------+--------+--------+-----+--------+
         Total |   1248 |   1079 |    169 |      0 |    871 |   3 |  416.0 |
       Dungeon |   1248 |   1079 |    169 |      0 |    871 |   3 |  416.0 |
               +--------+--------+--------+--------+--------+-----+--------+

Top non-repeatable levels by time:
     D:1: 858 daAuts
     D:2: 332 daAuts
     D:3: 57 daAuts
